 Dungeon Crawl Stone Soup version 0.19-a0-1238-gee6bd96 (webtiles) character file.

91 PurpleRed the Conjurer (level 4, 0/24 HPs)
             Began as a Deep Elf Conjurer on Aug 26, 2016.
             Slain by a centaur (8 damage)
             ... on level 4 of the Dungeon.
             The game lasted 00:05:09 (650 turns).

PurpleRed the Conjurer (Deep Elf Conjurer)           Turns: 650, Time: 00:05:10

Health: 0/24       AC:  2    Str:  5    XL:     4   Next: 34%
Magic:  7/12       EV: 13    Int: 21    God:
Gold:   123        SH:  0    Dex: 15    Spells: 3 memorised, 4 levels left

rFire  . . .     SeeInvis .     h - +0 mace
rCold  . . .     Gourm    .     a - +0 robe
rNeg   . . .     Faith    .     (no shield)
rPois  .         Spirit   .     (no helmet)
rElec  .         Dismiss  .     (no cloak)
rCorr  .         Reflect  .     (no gloves)
MR     +....     Harm     .     (no boots)
Stlth  ++........               (no amulet)
                                (no ring)
                                d - ring of protection from magic

@: no status effects
A: no striking features
a: no special abilities


You were on level 4 of the Dungeon.
You were not hungry.

You visited 1 branch of the dungeon, and saw 4 of its levels.

You collected 123 gold pieces.

Inventory:

Hand Weapons
 h - a +0 mace (weapon)
Armour
 a - a +0 robe (worn)
Jewellery
 d - a ring of protection from magic (left hand)
Wands
 g - a wand of enslavement (15/24)
Books
 b - a book of Conjurations

   Spells                             Type                      Level
   a - Magic Dart                     Conjuration                  1
   b - Searing Ray                    Conjuration                  2
   c - Dazzling Spray                 Conjuration/Hexes            3
   d - Fulminant Prism                Conjuration/Hexes            4
   e - Iskenderun's Mystic Blast      Conjuration                  4
   f - Iskenderun's Battlesphere      Conjuration/Charms           5
Comestibles
 c - a bread ration
 f - a meat ration


   Skills:
 - Level 2.4 Dodging
 - Level 2.4 Stealth
 + Level 4.2 Spellcasting
 * Level 5.9 Conjurations


You had 4 spell levels left.
You knew the following spells:

 Your Spells              Type           Power        Failure   Level  Hunger
a - Magic Dart            Conj           ####         1%          1    None
b - Searing Ray           Conj           ####..       1%          2    #......
c - Iskenderun's Mystic   Conj           ####....     14%         4    ####...


Dungeon Overview and Level Annotations

Branches:
Dungeon (4/15)
 Temple: D:4-7

Altars:
Fedhas
Kikubaaqudgha
Nemelex Xobeh


Message History

The centaur shouts!
The centaur wields a shortbow.
The centaur shoots an arrow.
The arrow barely misses you.
The centaur shoots an arrow.
The arrow hits you!
Ouch! That really hurt!
* * * LOW HITPOINT WARNING * * *
You see here an arrow.
There is an open door here.
There isn't anything here!
There isn't anything here!
You close the door.
You open the door.
Casting: Magic Dart
Confirm with . or Enter, or press ? or * to list all spells.
Aiming: Searing Ray
Press: ? - help, Shift-Dir - straight line, f - centaur
Aim: a centaur, wielding a shortbow The searing ray misses the centaur.
The centaur unwields an uncursed shortbow.
The centaur hits you!
You die...

###...##.....#.....#...##...##
............c#.....+.........#
.............#.....#.........#
.............#.....#.........#
.............#.....#.........#
.............#.....#.........#
##.##.##.##..#.....#'####...#####
##.##.##.##..###..†.....####..#..
..........#..(.#@.......+........
..........#....c........#........
..........#....#........#........
...##...###...##........##...##..
#####...##########.......#...####
#...............###...#....#
#..............##.##..#....#
#.............. ._.#.......#
####.##..##..####.####..####


You could see a centaur.

Vanquished Creatures
  A worker ant (D:4)
  5 adders
  An ooze (D:4)
  2 worms
  An orc (D:4)
  A goblin (D:2)
  A kobold (D:1)
  A bat (D:2)
  A giant gecko skeleton (D:4)
  3 rats
17 creatures vanquished.

Notes
Turn   | Place    | Note
-------+----------+-------------------------------------------
     0 | D:1      | PurpleRed the Deep Elf Conjurer began the quest for the Orb.
     0 | D:1      | Reached XP level 1. HP: 10/10 MP: 6/6
   197 | D:2      | Reached XP level 2. HP: 10/15 MP: 0/8
   204 | D:2      | Learned a level 2 spell: Searing Ray
   274 | D:2      | Reached skill level 5 in Conjurations
   319 | D:3      | Found an ancient bone altar of Kikubaaqudgha.
   320 | D:3      | Found a blossoming altar of Fedhas.
   376 | D:3      | Reached XP level 3. HP: 19/19 MP: 3/10
   568 | D:4      | Found a sparkling altar of Nemelex Xobeh.
   587 | D:4      | Reached XP level 4. HP: 15/24 MP: 7/12
   594 | D:4      | Learned a level 4 spell: Iskenderun's Mystic Blast
   632 | D:4      | Noticed a centaur
   650 | D:4      | Slain by a centaur

Vault maps used:
D:1:      dpeg_arrival_subterranean_lakeside_camping
D:2:      minmay_misc_feat_encased, kennysheep_small_spiral
D:3:      wad_lake_hut, grunt_temple_overflow_growth_and_decay, minitemple
D:4:      nemelex_dance_club_becter

Skill      XL: |  1  2  3 |
---------------+----------+-----
Conjurations   | 5 |  5.9
Spellcasting   | 4 |  4.2
Dodging        | |  2.4
Stealth        | |  2.4

Action                   |  1- 3 |  4- 6 || total
-------------------------+-------+-------++-------
Melee: Club              |    11 |       ||    11
 Cast: Magic Dart        |    23 |     2 ||    25
       Searing Ray       |     6 |     2 ||     8
  Use: Scroll            |     3 |       ||     3
       Potion            |     1 |       ||     1
Armor: Robe              |    12 |       ||    12
Dodge: Dodged            |    36 |     3 ||    39
